 Dungeon Crawl Stone Soup version 0.20-a0-386-g2d247ea (webtiles) character file.

22032 Kidiri the Thaumaturge (level 12, 0/68 HPs)
             Began as a Deep Elf Fire Elementalist on Dec 29, 2016.
             Was a High Priest of Vehumet.
             Slain by a spiny frog (23 damage)
             ... on level 4 of the Lair of Beasts.
             The game lasted 00:52:59 (16047 turns).

Kidiri the Thaumaturge (DEFE)                      Turns: 16047, Time: 00:53:00

Health: 0/68       AC: 12    Str:  5    XL:     12   Next: 59%
Magic:  4/30       EV: 15    Int: 26    God:    Vehumet [*****.]
Gold:   705        SH:  9    Dex: 17    Spells: 2/35 levels left

rFire  . . .     SeeInvis .     H - +2 dagger (elec)
rCold  + . .     Gourm    .     J - +1 robe {MR+}
rNeg   . . .     Faith    .     R - +1 shield {AC+3}
rPois  .         Spirit   .     k - +2 helmet
rElec  .         Reflect  .     s - +0 cloak
rCorr  .         Harm     .     N - +1 pair of gloves
MR     ++...                    (no boots)
Stlth  +++.......               (no amulet)
                                m - ring of protection from cold
                                d - +6 ring of slaying

@: lethally poisoned (0 -> -4), very slightly contaminated
A: talons 1, thin skeletal structure 1, regeneration 1
a: Renounce Religion


You were on level 4 of the Lair of Beasts.
You worshipped Vehumet.
Vehumet was extremely pleased with you.
You were hungry.

You visited 3 branches of the dungeon, and saw 15 of its levels.

You collected 705 gold pieces.

Inventory:

Hand Weapons
 H - a +2 dagger of electrocution (weapon)
Armour
 k - a +2 helmet (worn)
 s - a +0 cloak (worn)
 v - a +0 buckler
 J - a +1 robe of magic resistance (worn)
 N - a +1 pair of gloves (worn)
 R - a +1 shield of protection (worn)
Jewellery
 d - a +6 ring of slaying (left hand)
 j - an uncursed ring of protection from fire
 m - a ring of protection from cold (right hand)
 A - an uncursed ring of see invisible
 T - an uncursed ring of positive energy
Wands
 u - a wand of iceblast (8/15)
 x - a wand of acid (4/15)
 y - a wand of enslavement (15/24)
 C - a wand of lightning (0/15)
 F - a wand of enslavement (16/24)
 K - a wand of lightning (8/15)
 M - a wand of paralysis (9/24)
 O - a wand of paralysis (13/24)
 Q - a wand of lightning (4/15)
 S - a wand of paralysis (18/24)
Scrolls
 l - a scroll of fog
 o - 4 scrolls of remove curse
 E - 2 scrolls of blinking
 G - 2 scrolls of amnesia
 I - a scroll of teleportation
Potions
 e - 3 potions of heal wounds
 f - 2 potions of resistance
 g - 4 potions of haste
 h - a potion of cancellation
 n - a potion of agility
 p - a potion of ambrosia
 q - a potion of lignification
 r - 4 potions of curing
 w - a potion of invisibility
 z - 3 potions of flight
 D - 3 potions of berserk rage
 L - 3 potions of magic
 P - 2 potions of might
Books
 b - a book of Clouds

   Spells                             Type                      Level
   a - Mephitic Cloud                 Conjuration/Poison/Air       3
   b - Conjure Flame                  Conjuration/Fire             3
   c - Poisonous Cloud                Conjuration/Poison/Air       5
   d - Freezing Cloud                 Conjuration/Ice/Air          6
   e - Ring of Flames                 Charms/Fire                  7
Comestibles
 a - 25 fruits
 c - 7 bread rations
 i - 7 chunks of flesh
 t - 5 meat rations
 B - 2 beef jerkies


   Skills:
 + Level 4.9 Fighting
 + Level 5.4 Short Blades
 + Level 4.3 Armour
 + Level 7.2 Dodging
 - Level 2.4 Stealth
 + Level 4.7 Shields
 * Level 12.4 Spellcasting
 + Level 7.8 Conjurations
 + Level 7.9 Fire Magic
 + Level 6.1 Ice Magic
 + Level 3.9 Air Magic
 + Level 4.9 Earth Magic
 + Level 2.1 Poison Magic
 + Level 6.3 Evocations


You had 2 spell levels left.
You knew the following spells:

 Your Spells              Type           Power        Failure   Level  Hunger
a - Flame Tongue          Conj/Fire      #####        1%          1    None
b - Throw Flame           Conj/Fire      ######       1%          2    None
c - Conjure Flame         Conj/Fire      ######..     1%          3    None
d - Inner Flame           Hex/Fire       #####...     2%          3    None
e - Sticky Flame          Conj/Fire      ######..     2%          4    None
f - Fireball              Conj/Fire      ######....   4%          5    ###....
g - Bolt of Magma         Conj/Fire/Erth ######....   8%          5    ###....
h - Stone Arrow           Conj/Erth      #####.       1%          3    None
i - Static Discharge      Conj/Air       #####...     1%          3    None
j - Freeze                Ice            ####         1%          1    None
k - Mephitic Cloud        Conj/Pois/Air  #####...     2%          3    None


Dungeon Overview and Level Annotations

Branches:
Dungeon (10/15)            Temple (1/1) D:4            Lair (4/6) D:9
 Shoals (0/4) Lair:2        Snake (0/4) Lair:4          Orc (0/2) D:10

Altars:
Ashenzari
Cheibriados
Dithmenos
Elyvilon
Fedhas
Gozag
Hepliaklqana
Kikubaaqudgha
Makhleb
Nemelex Xobeh
Okawaru
Qazlal
Ru
Sif Muna
Trog
Uskayaw
Vehumet
Xom
Yredelemnul
Zin
The Shining One


Innate Abilities, Weirdness & Mutations

You have sharp toenails.
You have a somewhat thin skeletal structure. (Dex +2, Stealth)
Your natural rate of healing is unusually fast.


Message History

The killer bee closely misses you. The killer bee misses you.
You block the killer bee's attack. The spiny frog completely misses you.
Casting: Bolt of Magma
Confirm with . or Enter, or press ? or * to list all spells.
You don't have enough magic to cast that spell.
Unknown command.
You hit the killer bee.
The killer bee is almost dead.
You feel sick. The killer bee misses you. The killer bee stings you.
You are more poisoned.
The killer bee poisons you! The killer bee stings you.
The killer bee barely misses you. The spiny frog completely misses you.
You block the killer bee's attack.
You barely miss the killer bee.
The killer bee is almost dead.
You feel sick.
The killer bee stings you but does no damage.
You block the killer bee's attack. x2; The killer bee stings you.
The spiny frog stings you!!
You die...

.......##....##......####..#.
#...+......#.......##...##
#.<.......##P.......#..###
#....##....#P.......#.....#
....#...#..................###
.........##..<.##......P##### #
#.........+...ll#..S...## ##
....#....#.###y#.......# #####P
..........##.#@##.)............
............yyF...............
...........S................
............................
##.##.##.#.##.##.##......... ..
..#..###..## #..#........
##.##.##.#.##.##.## ......
........yy........ .#.#..
...#..#yS#..#..... .###.


You could see 2 komodo dragons, a spiny frog, a water moccasin and 3 killer
bees.

Vanquished Creatures
  Erolcha (D:10)
  3 two-headed ogres
  A tengu warrior (D:10)
  An oklob plant (Lair:1)
  An elephant (D:9)
  Maurice (D:9)
  2 spiny frogs
  Psyche (D:8)
  4 komodo dragons
  2 trolls (D:10)
  4 blink frogs (Lair:3)
  5 hippogriffs
  A wraith (D:10)
  2 wyverns
  A basilisk (D:9)
  29 yaks
  2 hungry ghosts (D:10)
  4 vampire mosquitoes (D:10)
  4 water moccasins
  4 porcupines
  6 ice beasts
  A sky beast (D:6)
  8 orc warriors
  3 phantoms (D:9)
  2 ogres
  A necrophage (D:5)
  7 wolves
  6 centaurs
  7 crocodiles
  9 bullfrogs
  A gnoll sergeant (D:9)
  A wyvern skeleton (D:6)
  3 scorpions
  16 wights
  15 killer bees
  A howler monkey (D:8)
  6 crimson imps
  3 centaur zombies
  2 jellies
  A bullfrog zombie (D:5)
  A hound (D:9)
  3 bullfrog skeletons (D:5)
  2 centaur skeletons
  9 orc priests
  10 orc wizards
  2 iguanas
  Terence (D:2)
  7 worker ants
  A killer bee zombie (D:9)
  2 hound skeletons
  A howler monkey zombie (D:9)
  4 gnolls (D:9)
  16 adders
  4 shadow imps
  An ooze (D:1)
  An adder zombie (D:7)
  An adder skeleton (D:5)
  A worm (D:2)
  4 dart slugs
  7 leopard geckos
  66 orcs
  4 giant cockroaches
  5 hobgoblins
  12 jackals
  10 kobolds
  2 quokkas
  8 bats
  3 frilled lizards
  3 goblins
  A jackal skeleton (D:4)
  A leopard gecko skeleton (D:4)
  8 rats
  A plant (Lair:1)
374 creatures vanquished.

Vanquished Creatures (others)
  4 orcs
  A fungus (Lair:2)
  4 plants
9 creatures vanquished.

Grand Total: 383 creatures vanquished

Notes
Turn   | Place    | Note
-------+----------+-------------------------------------------
     0 | D:1      | Kidiri the Deep Elf Fire Elementalist began the quest for the Orb.
     0 | D:1      | Reached XP level 1. HP: 10/10 MP: 6/6
   127 | D:1      | Reached XP level 2. HP: 15/15 MP: 0/8
   146 | D:1      | Learned a level 2 spell: Throw Flame
   353 | D:1      | Reached skill level 4 in Spellcasting
   481 | D:1      | Reached XP level 3. HP: 16/19 MP: 3/10
   486 | D:1      | Learned a level 3 spell: Conjure Flame
   490 | D:1      | Learned a level 3 spell: Inner Flame
  1252 | D:2      | Reached skill level 5 in Spellcasting
  1252 | D:2      | Reached XP level 4. HP: 23/24 MP: 10/13
  1258 | D:2      | Learned a level 4 spell: Sticky Flame
  1445 | D:2      | Noticed Terence
  1457 | D:2      | Killed Terence
  1653 | D:2      | Found a glowing golden altar of the Shining One.
  1656 | D:2      | Found a basalt altar of Yredelemnul.
  1659 | D:2      | Found a radiant altar of Vehumet.
  1663 | D:2      | Became a worshipper of Vehumet
  1669 | D:2      | Found a bloodstained altar of Trog.
  1994 | D:3      | Reached XP level 5. HP: 28/28 MP: 3/15
  2359 | D:3      | Reached skill level 6 in Spellcasting
  2693 | D:4      | Got an encrusted quarterstaff
  2694 | D:4      | Identified the cursed +1 quarterstaff of Uzoriv {pain, -Tele rC+ rN+} (You found it on level 4 of the Dungeon)
  2993 | D:4      | Reached * piety under Vehumet
  2993 | D:4      | Offered knowledge of Freeze by Vehumet.
  2996 | D:4      | Learned a level 1 spell: Freeze
  3072 | D:4      | Reached XP level 6. HP: 32/32 MP: 11/17
  3175 | D:4      | Reached skill level 7 in Spellcasting
  3203 | D:4      | Found a staircase to the Ecumenical Temple.
  3348 | D:4      | Noticed an ice beast
  3350 | D:4      | Killed an ice beast
  3375 | Temple   | Entered the Ecumenical Temple
  3597 | D:5      | Entered Level 5 of the Dungeon
  3665 | D:5      | Learned a level 5 spell: Fireball
  3703 | D:5      | Noticed an ice beast
  3713 | D:5      | Killed an ice beast
  3713 | D:5      | Reached XP level 7. HP: 36/36 MP: 12/20
  3871 | D:5      | Reached skill level 1 in Short Blades
  3871 | D:5      | Reached skill level 8 in Spellcasting
  3871 | D:5      | Reached skill level 5 in Fire Magic
  4315 | D:5      | Found a deep blue altar of Sif Muna.
  4328 | D:5      | Reached skill level 1 in Armour
  4328 | D:5      | Reached skill level 1 in Shields
  4328 | D:5      | Reached skill level 1 in Ice Magic
  4512 | D:5      | Reached skill level 1 in Fighting
  4512 | D:5      | Reached skill level 1 in Evocations
  4666 | D:5      | Reached XP level 8. HP: 39/43 MP: 15/22
  4835 | D:6      | Gained mutation: You have a somewhat thin skeletal structure. (Dex +2, Stealth) [mutagenic meat]
  4836 | D:6      | Gained mutation: Your flesh is heat resistant. (rF+) [mutagenic meat]
  4837 | D:6      | Gained mutation: You are dopey. (Int -2) [mutagenic meat]
  4838 | D:6      | Gained mutation: You have sharp toenails. [mutagenic meat]
  5191 | D:6      | Found a sparkling altar of Nemelex Xobeh.
  5246 | D:6      | Reached ** piety under Vehumet
  5459 | D:6      | Offered knowledge of Magic Dart by Vehumet.
  5459 | D:6      | Reached skill level 9 in Spellcasting
  6348 | D:7      | Reached skill level 5 in Conjurations
  6419 | D:7      | Reached XP level 9. HP: 18/48 MP: 21/24
  7247 | D:7      | Found a shattered altar of Ashenzari.
  7706 | D:8      | Offered knowledge of Stone Arrow by Vehumet.
  7717 | D:8      | Learned a level 3 spell: Stone Arrow
  7958 | D:8      | Reached skill level 5 in Dodging
  8090 | D:8      | Reached skill level 10 in Spellcasting
  8094 | D:8      | Reached *** piety under Vehumet
  8094 | D:8      | Reached skill level 1 in Earth Magic
  8162 | D:8      | Noticed Psyche
  8174 | D:8      | Killed Psyche
  8240 | D:8      | Reached XP level 10. HP: 33/56 MP: 15/26
  8370 | D:8      | Offered knowledge of Static Discharge by Vehumet.
  8375 | D:8      | Learned a level 3 spell: Static Discharge
  9056 | D:9      | Noticed a two-headed ogre
  9066 | D:9      | Killed a two-headed ogre
  9214 | D:9      | Gained mutation: Your natural rate of healing is unusually fast. [potion of mutation]
  9214 | D:9      | Lost mutation: You are dopey. (Int -2) [potion of mutation]
  9214 | D:9      | Lost mutation: Your flesh is heat resistant. (rF+) [potion of mutation]
  9219 | D:9      | Noticed Maurice
  9222 | D:10     | Entered Level 10 of the Dungeon
  9493 | D:10     | Reached skill level 1 in Air Magic
  9496 | D:10     | Reached **** piety under Vehumet
  9643 | D:10     | Offered knowledge of Bolt of Magma by Vehumet.
  9666 | D:10     | Learned a level 5 spell: Bolt of Magma
  9728 | D:10     | Noticed a two-headed ogre
  9743 | D:10     | Killed a two-headed ogre
  9949 | D:10     | Noticed Erolcha
  9956 | D:10     | Found a staircase to the Orcish Mines.
  9978 | D:10     | Killed Erolcha
  9978 | D:10     | Reached skill level 11 in Spellcasting
  9978 | D:10     | Reached XP level 11. HP: 40/60 MP: 8/28
 10111 | D:10     | Found an iron altar of Okawaru.
 10139 | D:10     | Noticed a two-headed ogre
 10142 | D:10     | Killed a two-headed ogre
 10313 | D:9      | Found a staircase to the Lair.
 10515 | D:9      | Killed Maurice
 10515 | D:9      | Reached skill level 5 in Ice Magic
 11052 | D:10     | Reached skill level 5 in Evocations
 11937 | D:10     | Noticed a tengu warrior
 11948 | D:10     | Killed a tengu warrior
 12066 | Lair:1   | Entered Level 1 of the Lair of Beasts
 12312 | Lair:1   | Noticed an oklob plant
 12887 | Lair:1   | Killed an oklob plant
 12958 | Lair:1   | Found a snail-covered altar of Cheibriados.
 13018 | Lair:2   | Learned a level 3 spell: Mephitic Cloud
 13328 | Lair:2   | Found a staircase to the Shoals.
 13399 | Lair:2   | Reached skill level 5 in Short Blades
 13740 | Lair:2   | Reached skill level 1 in Poison Magic
 13744 | Lair:2   | Reached skill level 12 in Spellcasting
 13749 | Lair:2   | Reached XP level 12. HP: 67/67 MP: 12/30
 14012 | Lair:2   | Reached ***** piety under Vehumet
 14271 | Lair:3   | Offered knowledge of Olgreb's Toxic Radiance by Vehumet.
 15336 | Lair:4   | Found a staircase to the Snake Pit.
 16047 | Lair:4   | Slain by a spiny frog

Vault maps used:
D:1:      dpeg_arrival_rooms_with_view, lexackson_kobold_supper
D:2:      grunt_temple_overflow_cloverleaf, first_bread, uniq_terence
D:3:      kennysheep_generic_room_5
D:5:      led_sif_book
D:6:      nemelex_xobeh_ov_fountains_minmay
D:7:      basic_altar
D:8:      uniq_psyche
D:9:      david_lair_generic, uniq_maurice
D:10:     hiddenorc2_lemuel, grunt_tengu_nest, okawaru_trees_2, uniq_erolcha
Temple:   regret_index_temple_sphere_string
Lair:1:   lemuel_oklob_altar
Lair:2:   shoals_dummy_entry, lemuel_fruit_fields
Lair:3:   grunt_megastairs_5, infiniplex_staircase_pool, lemuel_fruit_tree
Lair:4:   hangedman_what_comes_after_a, dummy_snake_entry, serial_bayou_shore_b

Skill      XL: |  1  2  3  4  5  6  7  8  9 10 11 12 |
---------------+-------------------------------------+-----
Spellcasting   | 4 5 6 7 8 9 10 11 12 | 12.4
Conjurations   | 2 3 4 5 6 7 |  7.8
Fire Magic     | 4 5 6 7 |  7.9
Short Blades   | 1 2 3 4 5 |  5.4
Dodging        | 3 4 5 6 7 |  7.2
Armour         | 1 2 3 4 |  4.3
Shields        | 1 2 3 4 |  4.7
Ice Magic      | 1 2 3 4 5 6 |  6.1
Fighting       | 1 2 3 4 |  4.9
Evocations     | 1 2 3 4 5 6 |  6.3
Earth Magic    | 1 3 4 |  4.9
Air Magic      | 2 3 |  3.9
Poison Magic   | 1 2 |  2.1
Stealth        | |  2.4

Action                   |  1- 3 |  4- 6 |  7- 9 | 10-12 || total
-------------------------+-------+-------+-------+-------++-------
Melee: Short sword       |    14 |    32 |    93 |       ||   139
       Dagger            |    16 |       |    18 |   137 ||   171
       Kick              |       |       |    24 |    24 ||    48
 Cast: Flame Tongue      |    67 |    56 |   192 |   233 ||   548
       Throw Flame       |     1 |     4 |    23 |    12 ||    40
       Sticky Flame      |       |     3 |    20 |    48 ||    71
       Conjure Flame     |       |     1 |     8 |     8 ||    17
       Inner Flame       |       |     1 |     3 |    11 ||    15
       Freeze            |       |       |    15 |       ||    15
       Stone Arrow       |       |       |     1 |     2 ||     3
       Bolt of Magma     |       |       |       |    70 ||    70
       Fireball          |       |       |       |     2 ||     2
Evoke: Wand              |       |       |       |     3 ||     3
  Use: Scroll            |     5 |     7 |     8 |    10 ||    30
       Potion            |     1 |       |       |     5 ||     6
 Stab: Sleeping          |     3 |     4 |     3 |     9 ||    19
       Distracted        |       |       |     1 |       ||     1
  Eat: Chunk             |     1 |     7 |    17 |    18 ||    43
       Pizza             |       |       |     1 |       ||     1
       Beef jerky        |       |       |     1 |       ||     1
       Fruit             |       |       |       |    16 ||    16
Armor: Robe              |    13 |    21 |    60 |    58 ||   152
Dodge: Dodged            |    58 |    49 |   140 |   234 ||   481
Block: Buckler           |       |       |    31 |    45 ||    76
       Shield            |       |       |       |    71 ||    71
